 Dungeon Crawl Stone Soup version 0.29-a0-817-g9904bce7a6 (webtiles) character file.

Game seed: 140981268316771030

333 indigestion the Firebug (level 6, -5/45 HPs)
             Began as a Demigod Fire Elementalist on July 5, 2022.
             Splashed by a jelly's acid (9 damage)
             ... on level 4 of the Dungeon.
             The game lasted 00:17:16 (4701 turns).

indigestion the Firebug (Demigod Fire Elementalist) Turns: 4701, Time: 00:17:17

Health: -5/45      AC: -6    Str: 13    XL:     6   Next: 5%
Magic:  13/13      EV: 12    Int: 21    God:
Gold:   171        SH:  5    Dex: 14    Spells: 4/11 levels left

rFire   + . .      SeeInvis .   i - +2 dagger (vamp)
rCold   . . .      Faith    .   o - +2 buckler
rNeg    . . .      Spirit   .   a - +0 robe
rPois   .          Reflect  .   (no helmet)
rElec   .          Harm     .   (no cloak)
rCorr   .          Rampage  .   (no gloves)
Will    .....                   (no boots)
Stlth   ++........              (no amulet)
HPRegen 0.15/turn               n - ring of protection from fire
MPRegen 0.13/turn               (no ring)

@: corroded
A: high MP 1, forlorn, divine attributes
a: no special abilities


You were on level 4 of the Dungeon.
You visited 2 branches of the dungeon, and saw 5 of its levels.

You collected 171 gold pieces.

Inventory:

Hand Weapons
 c - a +0 dagger
 i - a +2 vampiric dagger (weapon)
 k - the +7 mace of Variability {chain chaos}
   (You found it on level 3 of the Dungeon)

   Each time it hits an enemy it has a different, random effect.
   It occasionally unleashes arcs of chaos on nearby creatures upon striking a
   foe.
Armour
 a - a +0 robe (worn)
 o - a +2 buckler (worn)
 q - a +0 pair of boots
Jewellery
 n - a ring of protection from fire (left hand)
Scrolls
 d - a scroll of fear
 f - a scroll of fog
 h - 2 scrolls of magic mapping {unknown}
 j - 3 scrolls of teleportation {unknown}
 l - a scroll of amnesia {unknown}
 m - 2 scrolls of identify {unknown}
Potions
 b - a potion of magic
 e - 2 potions of haste {unknown}
 g - 2 potions of curing {unknown}
 p - a potion of heal wounds {unknown}
 r - 2 potions of mutation {unknown}


   Skills:
 - Level 1.1 Maces & Flails
 - Level 2.2 Dodging
 - Level 2.3 Stealth
 + Level 3.1 Spellcasting
 + Level 3.0 Conjurations
 + Level 0.5 Hexes
 + Level 4.0 Fire Magic


You had 4 spell levels left.
You knew the following spells:

 Your Spells              Type           Power      Damage    Failure   Level
a - Foxfire               Conj/Fire      72%        2x1d7     4%          1
b - Conjure Flame         Conj/Fire      18%        6-21      13%         3
c - Inner Flame           Hex/Fire       12%        N/A       21%         3

Your spell library contained the following spells:

 Spells                   Type           Power      Damage    Failure   Level
 Scorch                   Fire           40%        2d7       5%          2
 Flame Wave               Conj/Fire      18%        2d6       38%         4
 Alistair's Intoxication  Tmut/Pois      2%         N/A       99%         5
 Borgnjor's Vile Clutch   Necr/Erth      1%         N/A       99%         5
 Eringya's Noxious Bog    Tmut/Pois      1%         N/A       100%        6


Dungeon Overview and Level Annotations

Branches:
Dungeon (4/15)             Temple (1/1) D:4

Shops:
D:4 ((

Annotations:
D:3 2 transporters, zhov's ghost, amateur DsHu
D:4 3 runed translucent doors, riojii's ghost, amateur GrEE


Innate Abilities, Weirdness & Mutations

You have an increased reservoir of magic. (+10% MP)
You shall have no god before yourself.
Your divine heritage dramatically boosts your attributes as you level up.


Message History

You barely miss the scorpion.
The scorpion is almost dead.
The foxfire hits the scorpion.
You kill the scorpion!
Your Conjurations skill increases to level 3!
Your Fire Magic skill increases to level 4!
You have reached level 6!
Your experience leads to a dramatic increase in your attributes!
Increase (S)trength, (I)ntelligence, or (D)exterity?
You feel stronger. x4
Your magical contamination has completely faded away.
Magic restored.
Found a stone staircase leading up.
There is a stone staircase leading up here.
You see here a quokka corpse.
A jelly comes into view.
The jelly quivers.
The jelly barely misses you.
You hit the jelly.
Your hands burn!
The jelly is lightly wounded.
The jelly misses you.
You hit the jelly.
You feel better. The acid corrodes you!
Your hands burn!
The jelly is lightly wounded.
The jelly hits you.
You are splashed with acid!
You hit the jelly.
You feel better.
Your hands burn!
The jelly is moderately wounded.
The jelly hits you. The acid corrodes you!
You are splashed with acid!
You hit the jelly but do no damage.
Your hands burn!
The jelly is moderately wounded.
The jelly closely misses you.
You hit the jelly but do no damage.
Your hands burn!
The jelly is moderately wounded.
The jelly hits you.
* * * LOW HITPOINT WARNING * * *
The acid corrodes you!
You are splashed with acid!
* * * LOW HITPOINT WARNING * * *
The jelly attacks as you move away! The jelly hits you.
* * * LOW HITPOINT WARNING * * *
You are splashed with acid!
You die...

####+#..#.#.###
#.. #.#..#.....#
#.. #.#..#.....#
#.. #.#..#<....#
###
#.#..##....#######
#.#..#............
#.#..#.#.#########
#J#..#.#.#
#@#..#.#.#
#.#..#.#.#
#.#..#.#.#
#.#..#)#.#########
#.#..#.#.....)....
#.#..#............
#.#..#############
#.#..# #.#..#


You could see a jelly.

Vanquished Creatures
  An ogre (D:4)
  A scorpion (D:4)
  An iguana (D:4)
  5 adders
  4 gnolls (D:2)
  2 dart slugs
  7 orcs
  7 ball pythons
  5 bats
  8 endoplasms
  2 giant cockroaches
  7 goblins
  7 hobgoblins
  2 jackals (D:2)
  4 quokkas
  A frilled lizard (D:2)
  8 kobolds
  A rat (D:2)
73 creatures vanquished.

Vanquished Creatures (others)
  200 foxfires
200 creatures vanquished.

Grand Total: 273 creatures vanquished

Notes
Turn   | Place    | Note
-------+----------+-------------------------------------------
     0 | D:1      | indigestion the Demigod Fire Elementalist began the quest
                  | for the Orb.
     0 | D:1      | Reached XP level 1. HP: 14/14 MP: 5/5
   286 | D:1      | Reached skill level 1 in Conjurations
   498 | D:1      | Reached XP level 2. HP: 20/20 MP: 5/7
  1024 | D:2      | Reached skill level 3 in Fire Magic
  1024 | D:2      | Reached XP level 3. HP: 23/26 MP: 3/8
  2015 | D:2      | Reached XP level 4. HP: 33/33 MP: 6/10
  2654 | D:3      | Found the +7 mace of Variability {chain chaos}
  2708 | D:3      | Found a transporter.
  2734 | D:3      | Found a transporter.
  2796 | D:3      | Noticed zhov's ghost (amateur DsHu)
  3097 | D:4      | Upgraded the game from 0.29-a0-813-g4a14ea37d6 to
                  | 0.29-a0-817-g9904bce7a6
  3387 | D:4      | Found Raunob's Antique Weapon Shop.
  3422 | D:4      | Reached XP level 5. HP: 10/38 MP: 7/12
  3677 | D:4      | Found a runed translucent gate.
  3678 | D:4      | Found a runed translucent gate.
  3679 | D:4      | Found a runed translucent gate.
  3680 | D:4      | Noticed riojii's ghost (amateur GrEE)
  3685 | D:4      | Identified the +6 whip of Armageddon {antimagic, rC+ Dex+4}
  3685 | D:4      | Identified the +4 ring mail "Nuig" {Str+2 Dex+5}
  3770 | D:4      | Found Ufuax's Antique Weapon Emporium.
  3782 | D:4      | Noticed an ogre
  3788 | D:4      | Learned a level 3 spell: Conjure Flame
  3792 | D:4      | Learned a level 3 spell: Inner Flame
  3818 | D:4      | Killed an ogre
  3819 | D:4      | Reached skill level 1 in Maces & Flails
  4154 | D:4      | Found a staircase to the Ecumenical Temple.
  4206 | Temple   | Entered the Ecumenical Temple
  4559 | D:4      | Reached skill level 4 in Fire Magic
  4559 | D:4      | Reached XP level 6. HP: 45/45 MP: 9/13
  4701 | D:4      | Splashed by a jelly's acid

Illustrated notes

Levels and vault maps discovered:
D:1:      lightli_arrival_statuegarden, layout_rooms
D:2:      layout_loops_ring
D:3:      layout_rooms, kennysheep_okawaru_gauntlet, gammafunk_ghost_stat_death,
          kennysheep_generic_room_4
D:4:      layout_basic, minmay_temple_entry_mini_moons,
          biasface_ghost_orc_armoury, serial_shops, nicolae_shop_hallway_plus,
          shop
Temple:   bh_familiar_temple

Skill      XL: |  1  2  3  4  5 |
---------------+----------------+-----
Conjurations   | 1 2 3 |  3.0
Stealth        | 2 |  2.3
Dodging        | 2 |  2.2
Spellcasting   | 2 3 |  3.1
Fire Magic     | 3 4 |  4.0
Maces & Flails | 1 |  1.1
Hexes          | |  0.5

Action                   |  1- 3 |  4- 6 || total
-------------------------+-------+-------++-------
Melee: Dagger            |    43 |    38 ||    81
       Unarmed           |     4 |       ||     4
       Great mace        |       |     1 ||     1
       Punch             |       |     1 ||     1
 Cast: Foxfire           |    55 |    57 ||   112
       Conjure Flame     |       |     2 ||     2
  Use: Scroll            |     2 |       ||     2
 Stab: Sleeping          |     2 |       ||     2
Armor: Robe              |    19 |     2 ||    21
Dodge: Dodged            |    79 |    21 ||   100
Block: Buckler           |       |     9 ||     9

Table legend: (Time is in decaauts)
 A = Elapsed time spent in this place.
 B = Non-inter-level travel time spent in this place.
 C = Inter-level travel time spent in this place.
 D = Time resting spent in this place.
 E = Time spent auto-exploring this place.
 F = Levels seen in this place.
 G = Mean time per level.
                   A        B        C        D        E       F      G
               +--------+--------+--------+--------+--------+-----+--------+
         Total |   4699 |   4496 |    203 |    955 |   2763 |   5 |  939.8 |
       Dungeon |   4483 |   4321 |    162 |    955 |   2603 |   4 | 1120.8 |
        Temple |    216 |    175 |     41 |      0 |    160 |   1 |  216.0 |
               +--------+--------+--------+--------+--------+-----+--------+

Top non-repeatable levels by time:
     D:2: 1450 daAuts
     D:4: 1390 daAuts
     D:1: 851 daAuts
     D:3: 790 daAuts
  Temple: 216 daAuts
